 Dungeon Crawl Stone Soup version 0.28-a0-1518-gbe868bca14 (webtiles) character file.

Game seed: 10000022460639420736

340 Arum the Skirmisher (level 6, -3/44 (51) HPs)
             Began as a Formicid Fighter on Jan 17, 2022.
             Slain by Ijyb (5 damage)
             ... on level 3 of the Dungeon.
             The game lasted 00:02:58 (2191 turns).

Arum the Skirmisher (Formicid Fighter)              Turns: 2191, Time: 00:02:58

HP:   -3/44 (51)    AC:  7    Str: 23    XL:     6   Next: 87%
MP:   6/6           EV:  9    Int:  7    God:
Gold: 199           SH:  4    Dex: 10    Spells: 5/5 levels left

rFire   + . .      SeeInvis +   a - +2 long sword (flame)
rCold   . . .      Faith    .   c - +0 buckler
rNeg    . . .      Spirit   .   b - +0 scale mail
rPois   .          Reflect  .   (helmet unavailable)
rElec   .          Harm     .   (no cloak)
rCorr   .          Rampage  .   (no gloves)
Will    .....                   (no boots)
Stlth   ..........              (no amulet)
HPRegen 0.14/turn               m - ring of protection from fire
MPRegen 0.10/turn               (no ring)

@: mighty, heavily drained
A: permanent stasis, dig shafts and tunnels, antennae 3, four strong arms
a: Dig, Shaft Self


You were on level 3 of the Dungeon.
You visited 1 branch of the dungeon, and saw 3 of its levels.
You also visited: Sewer.

You collected 199 gold pieces.

Inventory:

Hand Weapons
 a - a +2 long sword of flaming (weapon)
Armour
 b - a +0 scale mail (worn)
 c - a +0 buckler (worn)
Jewellery
 m - a ring of protection from fire (left hand)
Scrolls
 f - a scroll of fog {unknown}
 p - a scroll of holy word
 q - 2 scrolls of brand weapon
Potions
 d - a potion of might
 e - 2 potions of mutation
 i - 2 potions of brilliance
 k - a potion of flight {unknown}


   Skills:
 + Level 5.2 Fighting
 + Level 4.2 Long Blades
 + Level 5.2 Armour
 - Level 3.6 Shields


You had 5 spell levels left.
You didn't know any spells.
Your spell library contained the following spells:

 Spells                   Type           Power      Damage    Failure   Level
 Malign Gateway           Summ/Tloc      0%         N/A       100%        7
 Summon Horrible Things   Summ           0%         N/A       100%        8


Dungeon Overview and Level Annotations

Branches:
Dungeon (3/15)              Sewer (visited)

Altars:
Fedhas

Shops:
D:2 [

Annotations:
D:3 Ijyb


Innate Abilities, Weirdness & Mutations

You cannot be hasted, slowed, berserked, paralysed or teleported.
You can dig through walls and to a lower floor.
You have a pair of large antennae on your head. (SInv)
Your four strong arms can wield two-handed weapons with a shield.


Message History

There are monsters nearby!
The goblin shouts!
You closely miss the ball python.
The ball python bites you but does no damage.
The ball python grabs you. The ball python constricts you.
Ijyb zaps a wand.
The mass of ice explodes!
The iceblast engulfs the ball python!
The ball python dies!
The iceblast engulfs you!
* * * LOW HITPOINT WARNING * * *
You hear a shout! x2
Items here: ( )))) ††††.
You start resting.
You sense a monster nearby.
You start resting.
Ijyb is nearby!
You closely miss Ijyb.
Ijyb drinks a potion.
Ijyb goes berserk!
You slash Ijyb! You burn Ijyb.
Ijyb is moderately wounded.
You block Ijyb's attack. x2
You completely miss Ijyb.
Ijyb is moderately wounded.
Ijyb hits you with a +0 dagger.
* * * LOW HITPOINT WARNING * * *
Ijyb completely misses you.
Unknown command.
You feel very mighty all of a sudden. You block Ijyb's attack.
Ijyb hits you with a +0 dagger.
* * * LOW HITPOINT WARNING * * *
You closely miss Ijyb.
Ijyb is moderately wounded.
Ijyb hits you but does no damage. Ijyb hits you with a +0 dagger.
* * * LOW HITPOINT WARNING * * *
You slash Ijyb! You burn Ijyb.
Ijyb is severely wounded.
Ijyb hits you with a +0 dagger.
* * * LOW HITPOINT WARNING * * *
You slash Ijyb! You burn Ijyb.
Ijyb is almost dead.
Ijyb hits you with a +0 dagger.
You die...

#.. ####.. ### ##.....#
##@###......#
#g###.......##
##{##........#
#########.#........##
.................#).#
######.###.......#.#
.#.....##.......#.# #.
..........#.......#.# #.
....g......#.....##.####.


You could see Ijyb (berserk).

Vanquished Creatures
  Pargi (Sewer)
  2 orc priests (D:3)
  Jessica (D:2)
  An iguana (D:3)
  6 adders
  An adder skeleton (D:3)
  A worm (D:2)
  3 dart slugs
  3 orcs (D:3)
  5 ball pythons
  7 bats
  4 endoplasms
  7 giant cockroaches
  4 goblins
  8 hobgoblins
  2 jackals (D:2)
  8 kobolds
  4 quokkas
  8 frilled lizards
  4 rats
80 creatures vanquished.

Vanquished Creatures (others)
  A ball python (D:3)
1 creature vanquished.

Grand Total: 81 creatures vanquished

Notes
Turn   | Place    | Note
-------+----------+-------------------------------------------
     0 | D:1      | Arum the Formicid Fighter began the quest for the Orb.
     0 | D:1      | Reached XP level 1. HP: 18/18 MP: 1/1
    95 | D:1      | Reached XP level 2. HP: 22/24 MP: 2/2
   362 | D:1      | Reached XP level 3. HP: 28/30 MP: 3/3
   548 | D:2      | Noticed Jessica
   557 | D:2      | Killed Jessica
   558 | D:2      | Reached XP level 4. HP: 37/37 MP: 4/4
   773 | D:2      | Found a faded altar of an unknown god.
  1055 | D:2      | Found Acegutoh's Armour Shoppe.
  1198 | D:2      | Found a blossoming altar of Fedhas.
  1511 | D:3      | Reached XP level 5. HP: 42/42 MP: 5/5
  1515 | D:3      | Found a glowing drain.
  1647 | Sewer    | Entered a sewer
  1775 | Sewer    | Noticed Pargi
  1781 | Sewer    | Killed Pargi
  1782 | Sewer    | Reached XP level 6. HP: 31/50 MP: 6/6
  2160 | D:3      | Reached skill level 5 in Fighting
  2160 | D:3      | Reached skill level 5 in Armour
  2175 | D:3      | Noticed Ijyb
  2190 | D:3      | HP: 2/44 [Ijyb (1)]
  2191 | D:3      | Slain by Ijyb

Illustrated notes

Levels and vault maps discovered:
D:1:      minmay_arrival_five_plusses, layout_basic, st_stairs_5
D:2:      layout_loops_ring, dreamdust_ecumenical_altar_grove, serial_shops,
          nicolae_square_shop, basic_altar, uniq_jessica
D:3:      layout_rooms, gup_sewer_entry_glass, uniq_ijyb

Skill      XL: |  1  2  3  4  5  6 |
---------------+-------------------+-----
Fighting       | 4 5 |  5.2
Armour         | 4 5 |  5.2
Long Blades    | 3 4 |  4.2
Shields        | |  3.6

Action                   |  1- 3 |  4- 6 || total
-------------------------+-------+-------++-------
Melee: Long sword        |    56 |   142 ||   198
 Abil: Dig               |       |     3 ||     3
  Use: Scroll            |       |    11 ||    11
       Potion            |       |     1 ||     1
Armor: Scale mail        |    34 |    55 ||    89
Dodge: Dodged            |    44 |    52 ||    96
Block: Buckler           |    14 |    28 ||    42

Table legend: (Time is in decaauts)
 A = Elapsed time spent in this place.
 B = Non-inter-level travel time spent in this place.
 C = Inter-level travel time spent in this place.
 D = Time resting spent in this place.
 E = Time spent auto-exploring this place.
 F = Levels seen in this place.
 G = Mean time per level.
                   A        B        C        D        E       F      G
               +--------+--------+--------+--------+--------+-----+--------+
         Total |   2246 |   2198 |     48 |    100 |   1600 |   4 |  561.5 |
       Dungeon |   1872 |   1824 |     48 |    100 |   1287 |   3 |  624.0 |
         Sewer |    374 |    374 |      0 |      0 |    313 |   1 |  374.0 |
               +--------+--------+--------+--------+--------+-----+--------+

Top non-repeatable levels by time:
     D:2: 966 daAuts
     D:1: 565 daAuts
   Sewer: 374 daAuts
     D:3: 339 daAuts
